 Dungeon Crawl Stone Soup version 0.30-a0-726-gd89dcf765f (webtiles) character file.

Game seed: 6908284302207233388

18 Legacy the Trooper (level 2, 24/28 HPs)
             Began as a Minotaur Berserker on Jan 29, 2023.
             Was a Follower of Trog.
             Quit the game on level 1 of the Dungeon.
             The game lasted 00:01:21 (547 turns).

Legacy the Trooper (Minotaur Berserker)              Turns: 547, Time: 00:01:21

Health: 24/28      AC:  2    Str: 21    XL:     2   Next: 48%
Magic:  1/1        EV: 12    Int:  4    God:    Trog [*.....]
Gold:   24         SH:  0    Dex:  9    Spells: 1/1 levels left

rFire   . . .      SeeInvis .    a - +0 hand axe
rCold   . . .      Faith    .    (no shield)
rNeg    . . .      Spirit   .    b - +0 animal skin
rPois   .          Reflect  .    (helmet restricted)
rElec   .          Harm     .    (no cloak)
rCorr   .          Rampage  .    (no gloves)
Will    .....                    (no boots)
Stlth   +                        (no amulet)
HPRegen 0.24/turn                (no ring)
MPRegen 0.07/turn                (no ring)

@: no status effects
A: horns 2, retaliatory headbutt
a: Renounce Religion, Berserk


You were on level 1 of the Dungeon.
You worshipped Trog.
Trog was aware of your devotion.
You visited 1 branch of the dungeon, and saw 1 of its levels.

You collected 24 gold pieces.

Inventory:

Hand Weapons
 a - a +0 hand axe (weapon)
Armour
 b - a +0 animal skin (worn)
Scrolls
 c - a scroll of silence
Potions
 e - a potion of degeneration {unknown}


   Skills:
 + Level 4.7 Fighting
 - Level 3.6 Axes
 - Level 2.4 Armour
 - Level 2.1 Dodging


You had one spell level left.
You didn't know any spells.
Your spell library was empty.

Dungeon Overview and Level Annotations

Branches:
Dungeon (1/15)

Altars:


Innate Abilities, Weirdness & Mutations

You have a pair of horns on your head.
You reflexively headbutt those who attack you in melee.


Message History

The endoplasm is almost dead.
The endoplasm hits you but does no damage.
You hit the endoplasm but do no damage. You headbutt the endoplasm.
You kill the endoplasm!
Trog accepts your kill.
You open the door.
There is an open door here.
There is an open door here.
You open the door.
A ball python comes into view.
Found a scroll labelled EMETHO FEKKU and a short sword.
Found a murky green potion.
There is an open door here.
The helpless ball python fails to defend itself.
You hit the ball python.
You kill the ball python!
Trog accepts your kill.
A frilled lizard comes into view.
You see here a ball python corpse.
The frilled lizard hisses angrily.
The frilled lizard bites you.
You see here a scroll labelled EMETHO FEKKU.
The frilled lizard attacks as you move away!
The frilled lizard bites you.
You hit the frilled lizard.
The frilled lizard is heavily wounded.
The frilled lizard bites you but does no damage.
You barely miss the frilled lizard.
The frilled lizard is heavily wounded.
The frilled lizard bites you. The frilled lizard closely misses you.
You furiously retaliate!
You headbutt the frilled lizard!
You kill the frilled lizard!
Trog accepts your kill.
You see here a frilled lizard corpse.
d - a scroll labelled EMETHO FEKKU
e - a murky green potion
As you read the scroll labelled EMETHO FEKKU, it crumbles to dust.
It is a scroll of identify.
c - a scroll of silence Are you sure you want to abandon this character and quit the game? (Confirm with "yes".)

#####.######..##.##.#
#.............##.##.#
##....####....###.##.#
#.....# ##+##.......#
#...### ##8.8####.####
#...# ##.....###.#
#...# ##8)....8##..
#...###.........##.#
#...##8.....@...8#.#
#....'†......†...+.#
##...#8.........8###
#.####.........##
######'## ##8.....8##
........# ##.....##
........# ##8.8##
........# ##+##
######.##


There were no monsters in sight!

Vanquished Creatures
  3 endoplasms (D:1)
  3 hobgoblins (D:1)
  A quokka (D:1)
  3 ball pythons (D:1)
  A bat (D:1)
  3 frilled lizards (D:1)
  2 goblins (D:1)
  A rat (D:1)
17 creatures vanquished.

Notes
Turn   | Place    | Note
-------+----------+-------------------------------------------
     0 | D:1      | Legacy the Minotaur Berserker began the quest for the Orb.
     0 | D:1      | Reached XP level 1. HP: 19/19 MP: 0/0
    83 | D:1      | Reached skill level 4 in Fighting
   199 | D:1      | Reached XP level 2. HP: 26/28 MP: 1/1
   547 | D:1      | Quit the game

Illustrated notes

Levels and vault maps discovered:
D:1:      sevenhm_arrival_forest_fort_small_6, layout_basic, dk_noncrumbling_4,
          minmay_domino_2

Skill      XL: |  1 |
---------------+----+-----
Fighting       | 4 |  4.7
Axes           | |  3.6
Armour         | |  2.4
Dodging        | |  2.1

Action                     || total
---------------------------++-------
  Melee: Hand axe          ||    27
         Headbutt          ||     3
         Punch             ||     1
    Use: Scroll            ||     1
   Stab: Sleeping          ||     1
 Armour: Animal skin       ||     6
  Dodge: Dodged            ||    26

Table legend: (Time is in decaauts)
 A = Elapsed time spent in this place.
 B = Non-inter-level travel time spent in this place.
 C = Inter-level travel time spent in this place.
 D = Time resting spent in this place.
 E = Time spent auto-exploring this place.
 F = Levels seen in this place.
 G = Mean time per level.
                   A        B        C        D        E       F      G
               +--------+--------+--------+--------+--------+-----+--------+
         Total |    550 |    505 |     45 |      0 |      0 |   1 |  550.0 |
       Dungeon |    550 |    505 |     45 |      0 |      0 |   1 |  550.0 |
               +--------+--------+--------+--------+--------+-----+--------+

Top non-repeatable levels by time:
     D:1: 550 daAuts
